 Dungeon Crawl Stone Soup version 0.27-a0-416-gca2cecf3c0 (webtiles) character file.

Game seed: 15161947632664204775

190 Gaff the Sneak (level 5, -4/39 HPs)
             Began as a Vampire Brigand on Feb 25, 2021.
             Was an Initiate of Okawaru.
             Killed by divine providence
             ... invoked by an orc priest
              (13 damage)
             ... on level 3 of the Dungeon.
             The game lasted 00:15:21 (2873 turns).

Gaff the Sneak (Vampire Brigand)                    Turns: 2873, Time: 00:15:22

Health: -4/39      AC:  3    Str: 10    XL:     5   Next: 41%
Magic:  0/5        EV: 13    Int: 14    God:    Okawaru [......]
Gold:   111        SH:  0    Dex: 16    Spells: 2/4 levels left

rFire    . . .     SeeInvis +   a - +2 dagger
rCold    . . .     Faith    .   (no shield)
rNeg     . . .     Spirit   +   b - +1 robe
rPois    .         Reflect  .   (no helmet)
rElec    .         Harm     .   p - scarf {repulsion}
rCorr    .         Rampage  .   (no gloves)
Will     +....                  (no boots)
Stlth    ++++......             h - amulet of guardian spirit
HPRegen  0.33/turn              s - ring of willpower
MPRegen  0.09/turn              (no ring)

@: regenerating quickly, repel missiles
A: fangs 3, see invisible, unbreathing
a: Exsanguinate, Renounce Religion


You were on level 3 of the Dungeon.
You worshipped Okawaru.
Okawaru was noncommittal.
You visited 1 branch of the dungeon, and saw 3 of its levels.

You collected 111 gold pieces.

Inventory:

Hand Weapons
 a - a +2 dagger (weapon)
Missiles
 d - 8 poisoned darts (quivered)
 e - 2 curare-tipped darts
 g - 143 stones
 l - 20 bolts
 q - 23 sling bullets
Armour
 b - a +1 robe (worn)
 c - a +0 cloak
 k - a +0 ring mail
 p - a scarf of repulsion (worn)
Jewellery
 h - an amulet of guardian spirit (around neck)
 s - a ring of willpower (left hand)
Scrolls
 f - a scroll of enchant armour
 i - 2 scrolls of immolation {unknown}
 j - 2 scrolls of teleportation {unknown}
 m - a scroll of noise {unknown}
 n - 4 scrolls of identify {unknown}
 u - a scroll of fog {unknown}
 v - 2 scrolls of enchant weapon {unknown}
 w - a scroll of amnesia {unknown}
Potions
 o - a potion of degeneration {unknown}
 r - a potion of heal wounds {unknown}
 t - a potion of mutation {unknown}
 x - a potion of curing {unknown}


   Skills:
 + Level 2.4 Fighting
 + Level 4.2 Short Blades
 + Level 1.6 Throwing
 + Level 2.7 Dodging
 + Level 7.2 Stealth
 + Level 0.1 Spellcasting


You had 2 spell levels left.
You knew the following spells:

 Your Spells              Type           Power        Failure   Level
a - Slow                  Hex            0%           41%         2

Your spell library contained the following spells:

 Spells                   Type           Power        Failure   Level
 Magic Dart               Conj           0%           28%         1
 Blink                    Tloc           N/A          41%         2
 Call Imp                 Summ           0%           41%         2
 Conjure Flame            Conj/Fire      0%           65%         3
 Mephitic Cloud           Conj/Pois/Air  0%           65%         3


Dungeon Overview and Level Annotations

Branches:
Dungeon (3/15)

Altars:
Okawaru


Innate Abilities, Weirdness & Mutations

Your natural rate of healing is unusually fast.
You have razor-sharp teeth.
You have supernaturally acute eyesight. (SInv)
You can survive without breathing.


Message History

The goblin shoots a stone.
The stone barely misses you.
The rat moves out of view.
The goblin shoots a stone.
The stone hits you.
An orc priest comes into view. It is wielding a +0 flail.
The goblin unwields a +0 hunting sling.
The goblin hits you.
An orc comes into view. It is wielding a +2 mace of protection.
The orc shouts!
The orc priest shouts!
You hit the goblin.
You kill the goblin!
Okawaru accepts your kill.
You hear a shout!
The orc priest mumbles some strange prayers to Beogh against you.
Pain shoots through your body!
Items here: ( ) ? †.
As you read the scroll labelled NOKHLU SAUTEMM, it crumbles to dust.
It is a scroll of enchant armour.
Your +0 robe glows green for a moment.
The orc priest mumbles some strange prayers to Beogh against you.
You resist with some effort.
An orc priest comes into view. It is wielding a +0 trident.
The orc priest mumbles some strange prayers to Beogh against you.
Beogh smites you!
The orc priest miscasts a cantrip.
The rat misses you.
Things that are here:
a +0 club; a +0 dagger; a goblin corpse
Things that are here:
a +0 club; a +0 club; a hobgoblin corpse You barely miss the rat.
You hit the rat.
You kill the rat!
Okawaru accepts your kill.
You see here a giant cockroach corpse.
The orc priest looks satisfied for a moment.
The orc priest calls down the wrath of Beogh upon you.
Beogh smites you!
* * * LOW HITPOINT WARNING * * *
The orc priest calls down the wrath of Beogh upon you.
Beogh smites you!
You die...

.........#.#.####.......
.........#....)......o..
####...#)###....#.......
#.......)....)..o....
#.......#...)#.......
#.......#..o.#.......
#.......#.o..#.......
#.........†..#.......
######..<@.o.....##.).....
#...÷.....#......##.......
#.........#...÷..##.......
#.........#......##.......
#.........#......#########
#.<.......#......#
#.........#......#
##################


You could see 2 orc priests and an orc.

Vanquished Creatures
  An orc wizard (D:3)
  5 gnolls
  3 adders
  An ooze (D:3)
  2 dart slugs (D:1)
  2 leopard geckos
  4 orcs (D:3)
  8 bats
  5 giant cockroaches
  8 goblins
  9 hobgoblins
  7 jackals (D:2)
  3 ball pythons
  3 frilled lizards
  7 kobolds
  8 rats
76 creatures vanquished.

Notes
Turn   | Place    | Note
-------+----------+-------------------------------------------
     0 | D:1      | Gaff the Vampire Brigand began the quest for the Orb.
     0 | D:1      | Reached XP level 1. HP: 16/16 MP: 1/1
    47 | D:1      | Reached skill level 6 in Stealth
    47 | D:1      | Reached XP level 2. HP: 22/22 MP: 2/2
   574 | D:1      | Found an iron altar of Okawaru.
   606 | D:1      | Became a worshipper of Warmaster Okawaru
   629 | D:1      | Reached XP level 3. HP: 27/27 MP: 3/3
  1380 | D:2      | Reached skill level 7 in Stealth
  1596 | D:2      | Learned a level 2 spell: Slow
  2017 | D:1      | Reached XP level 4. HP: 14/33 MP: 2/4
  2651 | D:3      | Reached XP level 5. HP: 39/39 MP: 5/5
  2873 | D:3      | Killed from afar by an orc priest

Illustrated notes

Levels and vault maps discovered:
D:1:      minmay_arrival_wavy_path, layout_basic, grunt_decor_resistance,
          okawaru_ov_weapons_minmay
D:2:      layout_loops_corners, minmay_three_crescents
D:3:      layout_basic

Skill      XL: |  1  2  3  4  5 |
---------------+----------------+-----
Short Blades   | 3 4 |  4.2
Stealth        | 6 7 |  7.2
Fighting       | 2 |  2.4
Dodging        | 2 |  2.7
Throwing       | |  1.6
Spellcasting   | |  0.1

Action                   |  1- 3 |  4- 6 || total
-------------------------+-------+-------++-------
Melee: Dagger            |   115 |   146 ||   261
       Bite              |     5 |    16 ||    21
 Cast: Slow              |       |     1 ||     1
  Use: Potion            |     1 |       ||     1
       Scroll            |       |     1 ||     1
 Stab: Sleeping          |    15 |     2 ||    17
Armor: Robe              |    18 |    16 ||    34
Dodge: Dodged            |    68 |    82 ||   150

Table legend: (Time is in decaauts)
 A = Elapsed time spent in this place.
 B = Non-inter-level travel time spent in this place.
 C = Inter-level travel time spent in this place.
 D = Time resting spent in this place.
 E = Time spent auto-exploring this place.
 F = Levels seen in this place.
 G = Mean time per level.
                   A        B        C        D        E       F      G
               +--------+--------+--------+--------+--------+-----+--------+
         Total |   2828 |   2764 |     64 |    240 |   1318 |   3 |  942.7 |
       Dungeon |   2828 |   2764 |     64 |    240 |   1318 |   3 |  942.7 |
               +--------+--------+--------+--------+--------+-----+--------+

Top non-repeatable levels by time:
     D:1: 1413 daAuts
     D:2: 1088 daAuts
     D:3: 326 daAuts
